 Dungeon Crawl Stone Soup version 0.31-a0-66-ge618eeaa78 (webtiles) character file.

Game seed: 4362954748963039124

81312 senseless the Fighter (level 15, -2/124 HPs)
             Began as a Demonspawn Gladiator on May 22, 2023.
             Was the Champion of Qazlal.
             Killed from afar by a shock serpent (31 damage)
             ... with a bolt of electricity
             ... on level 1 of the Snake Pit.
             The game lasted 01:06:48 (21005 turns).

senseless the Fighter (Demonspawn Gladiator)       Turns: 21005, Time: 01:06:49

Health: -2/124     AC: 26    Str: 24    XL:     15   Next: 26%
Magic:  24/24      EV: 17    Int:  9    God:    Qazlal [******]
Gold:   797        SH: 13    Dex: 15    Spells: 14/14 levels left

rFire   + . .        b - +6 battleaxe (venom)
rCold   . . .        (shield currently unavailable)
rNeg    . . .        N - +3 plate armour {rF+}
rPois   .            (helmet restricted)
rElec   +            y - +2 cloak
rCorr   .            m - +0 pair of gloves
SInv    .            M - +0 pair of boots
Will    +....        S - amulet of reflection Stlth
                     T - +4 ring of slaying
HPRegen 0.40/turn    D - +5 ring of evasion
MPRegen 0.19/turn

%: repel missiles, reflection
@: protected from electricity, studying Maces & Flails
A: antennae 2, molten scales 1, demonic guardian 2, spiny 2, strong 1, wild
magic 1
a: Renounce Religion, Upheaval, Elemental Force, Disaster Area


You were on level 1 of the Snake Pit.
You worshipped Qazlal.
Qazlal was exalted by your worship.
You visited 5 branches of the dungeon, and saw 22 of its levels.
You also visited: Volcano.

You collected 2587 gold pieces.
You spent 1790 gold pieces at shops.

Inventory:

Hand Weapons
 a - a +2 spectral war axe
 b - a +6 battleaxe of venom (weapon)
 c - a +1 arbalest of flaming
 J - a +1 great mace of flaming
Armour
 f - a +1 chain mail of cold resistance
 m - a +0 pair of gloves (worn)
 q - the +4 cloak of Compassion {rC+ Will+ Str-5 SInv}
   (You found it on level 5 of the Lair of Beasts)

   Str:       It affects your strength (-5).
   rC:        It protects you from cold.
   SInv:      It lets you see invisible.
   Will:      It increases your willpower.
 y - a +2 cloak (worn)
 K - +0 acid dragon scales
 M - a +0 pair of boots (worn)
 N - a +3 plate armour of fire resistance (worn)
 Y - a +2 buckler
Jewellery
 d - a ring of poison resistance
 r - a ring of willpower
 s - a ring of flight
 t - a ring of resist corrosion
 w - a ring of willpower
 D - a +5 ring of evasion (right hand)
 S - an amulet of reflection (around neck)
 T - a +4 ring of slaying (left hand)
 X - a +6 ring of dexterity
Wands
 j - a wand of mindburst (2)
 v - a wand of charming (14)
 O - a wand of roots (11)
 R - a wand of quicksilver (4)
 W - a wand of flame (7)
Scrolls
 e - a scroll of silence
 k - a scroll of summoning
 u - 4 scrolls of fear
 x - 2 scrolls of magic mapping
 z - 3 scrolls of blinking
 B - 7 scrolls of immolation
 C - 4 scrolls of identify
 F - a scroll of poison
 H - 4 scrolls of amnesia
 I - 5 scrolls of teleportation
 L - a scroll of torment
 V - 2 scrolls of fog
Potions
 g - 6 potions of magic
 h - 7 potions of curing
 i - 3 potions of cancellation
 l - 3 potions of lignification
 n - 6 potions of invisibility
 o - a potion of mutation
 p - 4 potions of heal wounds
 A - 6 potions of might
 E - 4 potions of attraction
 G - 3 potions of haste
 P - 3 potions of ambrosia
 Q - a potion of brilliance
 U - a potion of resistance


   Skills:
 + Level 13.4 Fighting
 + Level 12.4 Axes
 - Level 1.7 Throwing
 + Level 11.8 Armour
 + Level 12.3 Dodging
 * Level 12.7 Invocations


You had 14 spell levels left.
You didn't know any spells.
Your spell library contained the following spells:

 Spells                   Type           Power      Damage    Failure   Level
 Apportation              Tloc           0%         N/A       99%         1
 Foxfire                  Conj/Fire      0%         2x1d4     99%         1
 Magic Dart               Conj           0%         1d3       99%         1
 Necrotise                Necr           0%         1d4       99%         1
 Summon Small Mammal      Summ           0%         N/A       99%         1
 Blink                    Tloc           0%         N/A       100%        2
 Call Imp                 Summ           0%         N/A       100%        2
 Ensorcelled Hibernation  Hex/Ice        0%         N/A       100%        2
 Lesser Beckoning         Tloc           0%         N/A       100%        2
 Momentum Strike          Conj/Tloc      0%         3d8       100%        2
 Passwall                 Tmut/Erth      0%         N/A       100%        2
 Mephitic Cloud           Conj/Pois/Air  0%         N/A       100%        3
 Ozocubu's Armour         Ice            0%         N/A       100%        3
 Swiftness                Air            0%         N/A       100%        3
 Fireball                 Conj/Fire      0%         3d3       100%        5
 Metabolic Englaciation   Hex/Ice        0%         N/A       100%        5
 Plasma Beam              Fire/Air       0%         2x1d11    100%        6
 Simulacrum               Ice/Necr       0%         N/A       100%        6
 Starburst                Conj/Fire      0%         6d3       100%        6


Dungeon Overview and Level Annotations

Branches:
Dungeon (13/15)            Temple (1/1) D:4            Lair (5/5) D:8
  Swamp (0/4) Lair:3        Snake (1/4) Lair:3        Slime (0/5) Lair:5
    Orc (2/2) D:9             Elf (0/3) Orc:2       Volcano (visited)
 Vaults: D:13-14

Altars:
Ashenzari
Cheibriados
Dithmenos
Fedhas
Gozag
Hepliaklqana
Kikubaaqudgha
Makhleb
Nemelex Xobeh
Okawaru
Qazlal
Ru
Sif Muna
Trog
Uskayaw
Vehumet
Wu Jian
Xom
Yredelemnul
Jiyva
Lugonu

Shops:
D:3 *   D:7 ?   D:8 :   Orc:2 *=(==

Portals:
Abyss: Lair:2

Annotations:
Lair:5 Dirtsage's ghost, journeyman DsBe


Innate Abilities, Weirdness & Mutations

You have a pair of antennae on your head.
You are partially covered in molten scales. (AC +2)
A demonic guardian rushes to your aid.
You are mostly covered in sharp spines.
Your muscles are strong. (Str +4, Int/Dex -1)
Your spells are a little harder to cast, but a little more powerful.


Message History

The naga warrior hits you with a +4 war axe!
* * * LOW HITPOINT WARNING * * *
You feel more protected from physical attacks.
You barely miss the guardian serpent.
The guardian serpent is severely wounded.
You slice the naga mage!!
You kill the naga mage!
Qazlal accepts your kill.
You slash the naga warrior!
The naga warrior is poisoned.
Your surroundings suddenly seem different.
Splash!
You fall into the shallow water.
Moving in this stuff is going to be slow.
You hear a shout!
You hear an angry hiss. x2
You hear a shout!
You hear an angry hiss. x2
A black mamba comes into view.
The black mamba hisses angrily.
The black mamba misses you.
You are too injured to fight recklessly!
You are too injured to fight recklessly!
You slice the black mamba!!
The black mamba is heavily wounded.
You block the black mamba's attack. x2
A shock serpent comes into view.
You slash the black mamba!
The black mamba is severely wounded.
You hear an angry hiss. x2
You block the black mamba's attack. The black mamba closely misses you.
A naga mage comes into view. It is wielding a +0 flail.
You slice the black mamba!!
You kill the black mamba!
Qazlal accepts your kill.
You hear an angry hiss.
The shock serpent shoots out a bolt of lightning at you!
The bolt of electricity hits the plant!!
The plant begins to die.
The bolt of electricity hits you!!
Your resistance to physical damage fades away.
You feel protected from electricity.
You die...

.....P..## #...
#.~~P~NPP##~...
P..P..SP.~.#...
.....P....P....
~..~.P.P.....
.....~.....
♣.PP°..P..
♣°°P..P..
♣@§~P....
♣♣..P....
{○......
....... P..P...


PP..... .#~P##. ##### . . You could see a shock serpent and a naga mage.

Vanquished Creatures
  Josephine (D:10)
  5 hydras
  3 catoblepae (Lair:5)
  3 centaur warriors
  2 anacondas (Snake:1)
  A boulder beetle (D:12)
  10 death yaks
  3 naga warriors
  5 two-headed ogres
  2 naga sharpshooters (Snake:1)
  A hell knight (Volcano)
  2 skysharks
  2 skeletal warriors
  An orc knight (Orc:2)
  5 mana vipers (Snake:1)
  3 ugly things (Volcano)
  4 manticores
  2 salamanders (Snake:1)
  6 cyclopes
  2 naga magi (Snake:1)
  2 guardian serpents (Snake:1)
  6 black mambas (Snake:1)
  5 elephants
  Joseph (D:8)
  14 cane toads
  A molten gargoyle (Volcano)
  A smoke demon (Volcano)
  2 gargoyles
  11 komodo dragons
  2 torpor snails
  A komodo dragon (shapeshifter) (D:13)
  6 rime drakes
  3 meliai (D:12)
  A queen bee (D:12)
  7 trolls
  5 polar bears
  A hornet (D:9)
  Prince Ribbit (D:6)
  3 dream sheep
  12 blink frogs
  6 slime creatures (D:12)
  2 shadows
  5 wraiths
  3 wyverns (Lair:5)
  50 yaks
  2 fire bats (Volcano)
  5 vampire mosquitoes
  2 basilisks
  2 wargs (Orc:2)
  15 water moccasins
  14 nagas
  3 acid dragons
  A hell hound (Volcano)
  35 orc warriors
  2 sky beasts (D:7)
  3 black bears
  3 ice beasts
  5 ogres
  13 wolves
  A phantom (D:6)
  8 centaurs
  2 kobold brigands
  2 lemures (D:5)
  10 bullfrogs
  A gnoll sergeant (D:10)
  3 scorpions
  6 wights
  25 killer bees
  4 electric eels
  2 jellies
  7 lava snakes (Volcano)
  4 hounds
  9 orc priests
  Jessica (D:2)
  3 iguanas
  Terence (D:2)
  12 orc wizards
  16 gnolls
  10 adders
  A shadow imp (D:6)
  67 orcs
  6 bats
  9 endoplasms
  3 giant cockroaches
  5 goblins
  7 hobgoblins
  4 jackals (D:3)
  3 quokkas
  5 ball pythons
  5 frilled lizards
  18 kobolds
  9 rats
  A lurking horror (Lair:2)
589 creatures vanquished.

Vanquished Creatures (collateral kills)
  A catoblepas (Lair:1)
  2 skeletal warriors (D:13)
  Pikel (D:5)
  A molten gargoyle (Volcano)
  2 yaks (D:10)
  A basilisk (Lair:5)
  An orc warrior (D:11)
  A lemure (D:5)
  A centaur (D:8)
  A gnoll sergeant (D:6)
  A wight (D:6)
  An orc priest (D:11)
  3 orcs (D:11)
17 creatures vanquished.

Vanquished Creatures (others)
  A naga ritualist (Snake:1)
  An orc knight (Orc:2)
  An orc wizard (Orc:2)
  A lurking horror (Lair:2)
  2 spectral weapons
6 creatures vanquished.

Grand Total: 612 creatures vanquished

Notes
Turn   | Place    | Note
-------+----------+-------------------------------------------
     0 | D:1      | senseless the Demonspawn Gladiator began the quest for the
                  | Orb.
     0 | D:1      | Reached XP level 1. HP: 16/16 MP: 1/1
   207 | D:1      | Gained mutation: You have a pair of small antennae on your
                  | head. [demonic ancestry]
   207 | D:1      | Reached XP level 2. HP: 10/22 MP: 2/2
   513 | D:1      | Gained mutation: A weak demonic guardian rushes to your
                  | aid. [demonic ancestry]
   513 | D:1      | Reached XP level 3. HP: 28/28 MP: 3/3
   844 | D:2      | Noticed Jessica
   849 | D:2      | Killed Jessica
  1001 | D:2      | Noticed Terence
  1010 | D:2      | Killed Terence
  1011 | D:2      | Reached skill level 3 in Fighting
  1011 | D:2      | Reached XP level 4. HP: 10/35 MP: 4/4
  1834 | D:3      | Reached XP level 5. HP: 27/41 MP: 5/5
  1836 | D:3      | Reached skill level 1 in Armour
  2068 | D:3      | Found Piluil's Assorted Antiques.
  2075 | D:3      | Bought a pearl ring for 95 gold pieces
  2389 | D:4      | Noticed a black bear
  2395 | D:4      | Killed a black bear
  2396 | D:4      | Gained mutation: A demonic guardian rushes to your aid.
                  | [demonic ancestry]
  2396 | D:4      | Reached XP level 6. HP: 48/48 MP: 6/6
  2465 | D:4      | Reached skill level 4 in Fighting
  2577 | D:4      | Found a staircase to the Ecumenical Temple.
  2586 | Temple   | Entered the Ecumenical Temple
  2720 | Temple   | Became a worshipper of Qazlal Stormbringer
  3019 | D:4      | Found a radiant altar of Vehumet.
  3184 | D:4      | Gained mutation: You are partially covered in molten
                  | scales. (AC +2) [demonic ancestry]
  3184 | D:4      | Reached XP level 7. HP: 38/54 MP: 7/7
  3349 | D:5      | Entered Level 5 of the Dungeon
  3416 | D:5      | Found a burning altar of Makhleb.
  3532 | D:5      | Found an opulent altar of Gozag.
  4130 | D:5      | Noticed Pikel
  4145 | D:5      | Killed Pikel
  4146 | D:5      | Reached skill level 5 in Fighting
  4146 | D:5      | Reached skill level 5 in Axes
  4146 | D:5      | Reached skill level 5 in Dodging
  4146 | D:5      | Reached XP level 8. HP: 31/63 MP: 8/8
  4522 | D:6      | Reached * piety under Qazlal
  4529 | D:6      | Reached skill level 6 in Fighting
  4679 | D:6      | Noticed Prince Ribbit
  4682 | D:6      | Gained mutation: You are partially covered in sharp spines.
                  | [demonic ancestry]
  4682 | D:6      | Reached XP level 9. HP: 70/70 MP: 9/9
  4691 | D:6      | Killed Prince Ribbit
  4692 | D:6      | Reached skill level 5 in Armour
  5412 | D:6      | Found a hide-covered altar of Uskayaw.
  5413 | D:6      | Noticed a +0 hand axe
  5414 | D:6      | Noticed a +0 dagger
  5805 | D:7      | Reached skill level 7 in Fighting
  6049 | D:7      | Found Lebusire's Magic Scroll Shoppe.
  6074 | D:7      | Bought a scroll of enchant armour for 75 gold pieces
  6384 | D:8      | Reached ** piety under Qazlal
  6407 | D:8      | Noticed a two-headed ogre
  6414 | D:8      | Killed a two-headed ogre
  6415 | D:8      | Reached XP level 10. HP: 41/79 MP: 10/10
  6674 | D:8      | Noticed Joseph
  6688 | D:8      | Killed Joseph
  6750 | D:8      | Found Yheg's Book Shoppe.
  6910 | D:8      | Found a staircase to the Lair.
  6931 | D:8      | Reached skill level 8 in Fighting
  7402 | D:9      | Noticed a two-headed ogre
  7407 | D:9      | Killed a two-headed ogre
  7667 | D:9      | Found a staircase to the Orcish Mines.
  7701 | D:9      | Found an iron altar of Okawaru.
  7759 | D:9      | Found a broken altar of Ashenzari.
  7852 | D:9      | Found a hazy altar of Hepliaklqana.
  7917 | D:9      | Found a basalt altar of Yredelemnul.
  8259 | D:10     | Entered Level 10 of the Dungeon
  8278 | D:10     | Found a shadowy altar of Dithmenos.
  8421 | D:10     | Noticed Josephine
  8425 | D:10     | Reached XP level 11. HP: 87/87 MP: 11/11
  8431 | D:10     | Killed Josephine
  8431 | D:10     | Reached *** piety under Qazlal
  8432 | D:10     | Reached skill level 9 in Fighting
  8823 | D:10     | Found a shimmering blue altar of Sif Muna.
  8919 | D:10     | Found a blossoming altar of Fedhas.
  9374 | D:11     | Noticed a two-headed ogre
  9648 | D:11     | Killed a two-headed ogre
 10058 | D:11     | Reached **** piety under Qazlal
 10113 | D:11     | Reached skill level 10 in Fighting
 10789 | D:12     | Noticed a boulder beetle
 10798 | D:12     | Killed a boulder beetle
 10799 | D:12     | Gained mutation: You have a pair of antennae on your head.
                  | [demonic ancestry]
 10799 | D:12     | Reached XP level 12. HP: 86/97 MP: 12/12
 11336 | D:12     | Reached skill level 10 in Dodging
 11355 | D:12     | Reached skill level 10 in Axes
 11517 | D:12     | Reached ***** piety under Qazlal
 11682 | D:13     | Noticed a two-headed ogre
 11688 | D:13     | Killed a two-headed ogre
 11693 | D:13     | Reached skill level 11 in Fighting
 11994 | D:13     | Noticed a centaur warrior
 12001 | D:13     | Noticed a two-headed ogre
 12004 | D:13     | Killed a centaur warrior
 12008 | D:13     | Killed a two-headed ogre
 12009 | D:13     | Reached skill level 10 in Armour
 12093 | D:13     | Noticed a centaur warrior
 12105 | D:13     | Killed a centaur warrior
 12668 | Orc:1    | Entered Level 1 of the Orcish Mines
 12982 | Orc:2    | Entered Level 2 of the Orcish Mines
 13122 | Orc:1    | Reached XP level 13. HP: 82/106 MP: 13/13
 13295 | Orc:2    | Found a staircase to the Elven Halls.
 13308 | Orc:2    | Found Qiuh's Overcharged Wands.
 13378 | Orc:2    | Reached skill level 1 in Invocations
 13721 | Orc:2    | Found a radiant altar of Vehumet.
 13798 | Orc:2    | Found Myin's Jewellery Emporium.
 13798 | Orc:2    | Found Petzi's Antique Weapon Boutique.
 13800 | Orc:2    | Found Uclirau's Jewellery Shop.
 13802 | Orc:2    | Found Huaman's Jewellery Shoppe.
 13809 | Orc:2    | Bought an amulet of reflection for 450 gold pieces
 14154 | Orc:2    | Bought a +4 ring of slaying for 1170 gold pieces
 14275 | Lair:1   | Entered Level 1 of the Lair of Beasts
 14447 | Lair:1   | Reached skill level 5 in Invocations
 14504 | Lair:1   | Reached skill level 12 in Fighting
 15617 | Lair:2   | Found a one-way gate to the infinite horrors of the Abyss.
 15619 | Lair:2   | Found a corrupted altar of Lugonu.
 16350 | Lair:3   | Found a staircase to the Swamp.
 16441 | Lair:3   | Found a staircase to the Snake Pit.
 16542 | Lair:3   | Found a dark tunnel.
 16553 | Volcano  | Entered a volcano
 16736 | Volcano  | Reached ****** piety under Qazlal
 16860 | Volcano  | Found a burning altar of Makhleb.
 16890 | Volcano  | Reached XP level 14. HP: 38/116 MP: 20/20
 18216 | Lair:4   | Gained mutation: Your muscles are strong. (Str +4, Int/Dex
                  | -1) [potion of mutation]
 18216 | Lair:4   | Gained mutation: Your spells are a little harder to cast,
                  | but a little more powerful. [potion of mutation]
 18392 | Lair:5   | Entered Level 5 of the Lair of Beasts
 18394 | Lair:5   | Noticed Dirtsage's ghost (journeyman DsBe)
 18647 | Lair:5   | Reached skill level 10 in Invocations
 18747 | Lair:5   | Found a staircase to the Slime Pits.
 18748 | Lair:5   | Found a viscous altar of Jiyva.
 18931 | Lair:5   | Found a runed translucent gate.
 18932 | Lair:5   | Found a runed translucent gate.
 18933 | Lair:5   | Found a runed translucent gate.
 19246 | Lair:5   | Reached skill level 13 in Fighting
 19725 | Lair:5   | Identified the +4 cloak of Compassion {rC+ Will+ Str-5
                  | SInv}
 20486 | Snake:1  | Entered Level 1 of the Snake Pit
 20497 | Snake:1  | Gained mutation: You are mostly covered in sharp spines.
                  | [demonic ancestry]
 20497 | Snake:1  | Reached XP level 15. HP: 101/124 MP: 15/23
 21005 | Snake:1  | Killed from afar by a shock serpent

Illustrated notes

Levels and vault maps discovered:
D:1:      nicolae_arrival_memento_mori, layout_loops_ring, minmay_misc_feat_iff,
          hangedman_abyss_or_decor_stabs, minmay_misc_feat_columns,
          minmay_pentomino_o4
D:2:      layout_rooms, uniq_jessica, uniq_terence
D:3:      layout_basic, serial_shops, nicolae_shop_tiny_statue_garden,
          nicolae_kite_square_tiling_tiny
D:4:      layout_layer_cave, nicolae_overflow_crystal_walls,
          mainiacjoe_overflow_cross_hatched, minmay_temple_entry_arrows
D:5:      layout_basic, mainiacjoe_overflow_paths, lemuel_round_altar,
          uniq_pikel
D:6:      layout_basic, dancing_weapons_uskayaw, chequers_big_river,
          minmay_chambers_of_fives, uniq_prince_ribbit1
D:7:      layout_loops_ring, serial_shops, shop
D:8:      layout_basic, elyvilon_altar_1, lair_entry_dummy, serial_shops, shop,
          uniq_joseph
D:9:      layout_loops_cross, mainiacjoe_overflow_six_doors_small,
          mainiacjoe_overflow_brackets, nicolae_overflow_squiral, david_orc_4,
          minivault_22
D:10:     layout_irregular_city, mainiacjoe_overflow_alcove_1, fedhas_altar_2,
          grunt_dithmenos_smoke_and_mirrors, uniq_josephine
D:11:     layout_gridville, special_room [special_room_orc],
          minmay_misc_feat_five, nrook_loot_triangle
D:12:     layout_roguey, special_room [special_room_bee]
D:13:     layout_cave_pools
Temple:   hellmonk_temple_beads
Lair:1:   layout_regular_city, hangedman_lair_unloving_vines,
          hangedman_lair_generics_rect
Lair:2:   layout_gridlike, special_room, minivault_19,
          grunt_forest_small_clearings, amcnicky_altar_lugonu_corruption,
          grunt_megastairs_2
Lair:3:   layout_loops_ring, swamp_mist_pool, guppyfry_snake_entry_garden,
          nicolae_volcano_entry_lava_flow, serial_bayou_shore_b,
          serial_bayou_shore_b
Lair:4:   layout_misc_corridors, minmay_lair_drake_nest
Lair:5:   evilmike_catoblepas_cave, layout_cave_pods, slime_entry_1,
          gammafunk_ghost_split, infiniplex_staircase_pool_2
Snake:1:  layout_layer_cave, nicolae_snake_snakes_in_the_grass,
          lemuel_fruit_tree, grunt_megastairs_5, minmay_shop_grove, uniq_roxanne
Orc:1:    layout_caves, mines2_lemuel
Orc:2:    st_orc_rangers, layout_diamond_mine, basic_altar,
          nicolae_shop_overcharged_wands

Skill      XL: |  1  2  3  4  5  6  7  8  9 10 11 12 13 14 15 |
---------------+----------------------------------------------+-----
Dodging        | 3 4 5 6 7 8 9 10 11 12 | 12.3
Axes           | 3 4 5 6 7 8 9 10 11 12 | 12.4
Fighting       | 3 4 5 6 7 8 10 11 12 13 | 13.4
Armour         | 1 2 3 4 6 7 8 10 11 | 11.8
Invocations    | 8 11 12 | 12.7
Throwing       | |  1.7

Action                     |  1- 3 |  4- 6 |  7- 9 | 10-12 | 13-15 || total
---------------------------+-------+-------+-------+-------+-------++-------
  Melee: War axe           |    81 |    97 |   164 |   204 |       ||   546
         Punch             |       |     1 |     4 |     4 |       ||     9
         Battleaxe         |       |       |       |   198 |   485 ||   683
         Whip              |       |       |       |       |     7 ||     7
         Great mace        |       |       |       |       |    12 ||    12
    Use: Scroll            |     9 |     8 |     9 |     8 |     6 ||    40
         Potion            |       |       |     2 |     1 |     4 ||     7
   Stab: Distracted        |       |       |     2 |     3 |       ||     5
 Armour: Leather armour    |    20 |    22 |    44 |    14 |       ||   100
         Chain mail        |       |    32 |       |       |       ||    32
         Skin              |       |       |    21 |       |       ||    21
         Acid dragon scale |       |       |       |    47 |   132 ||   179
         Plate armour      |       |       |       |       |    29 ||    29
  Dodge: Dodged            |    68 |    54 |   116 |   363 |   549 ||  1150
         Repelled          |       |       |       |     2 |    15 ||    17
  Block: Other             |       |       |     6 |    76 |   417 ||   499
         Reflection        |       |       |       |       |    13 ||    13

Table legend: (Time is in decaauts)
 A = Elapsed time spent in this place.
 B = Non-inter-level travel time spent in this place.
 C = Inter-level travel time spent in this place.
 D = Time resting spent in this place.
 E = Time spent auto-exploring this place.
 F = Levels seen in this place.
 G = Mean time per level.
                   A        B        C        D        E       F      G
               +--------+--------+--------+--------+--------+-----+--------+
         Total |  21248 |  20494 |    754 |   1547 |  15749 |  23 |  923.8 |
       Dungeon |  12728 |  12251 |    477 |    723 |   9633 |  13 |  979.1 |
        Temple |    173 |     96 |     77 |      0 |     85 |   1 |  173.0 |
          Lair |   5908 |   5798 |    110 |    814 |   4183 |   5 | 1181.6 |
     Snake Pit |    219 |    219 |      0 |      2 |     80 |   1 |  219.0 |
  Orcish Mines |   1541 |   1453 |     88 |      0 |   1263 |   2 |  770.5 |
       Volcano |    677 |    677 |      0 |      8 |    505 |   1 |  677.0 |
               +--------+--------+--------+--------+--------+-----+--------+

Top non-repeatable levels by time:
  Lair:5: 1882 daAuts
  Lair:3: 1342 daAuts
    D:12: 1313 daAuts
  Lair:1: 1239 daAuts
    D:10: 1229 daAuts
     D:6: 1197 daAuts
    D:11: 1165 daAuts
     D:9: 1143 daAuts
     D:5: 1112 daAuts
   Orc:2: 1082 daAuts
     D:8: 955 daAuts
     D:3: 940 daAuts
     D:4: 891 daAuts
     D:1: 852 daAuts
  Lair:2: 823 daAuts
